 Dungeon Crawl Stone Soup version 0.25.1-8-g42b30a86e7 (webtiles) character file.

Game seed: 16763475891328760005

123274 hehateme the Quickloader (level 16, -13/129 HPs)
             Began as a Gnoll Fighter on Dec 16, 2020.
             Was the Champion of Okawaru.
             Killed from afar by Nikola (24 damage)
             ... with a chain lightning
             ... on level 4 of the Snake Pit.
             The game lasted 01:53:23 (41124 turns).

hehateme the Quickloader (Gnoll Fighter)           Turns: 41124, Time: 01:53:24

Health: -13/129    AC: 25    Str: 27    XL:     16   Next: 90%
Magic:  30/30      EV: 11    Int: 16    God:    Okawaru [******]
Gold:   999        SH: 27    Dex: 15    Spells: 25/36 levels left

rFire    . . .     SeeInvis .   a - +1 war axe (flame)
rCold    . . .     Gourm    .   c - +2 tower shield {AC+3}
rNeg     + . .     Faith    .   O - +0 plate armour of Tearhip {rPois Int+4}
rPois    +         Spirit   .   r - +1 hat
rElec    .         Reflect  +   E - +1 cloak
rCorr    .         Harm     .   m - +0 pair of gloves {Str+3}
MR       +....                  G - +0 pair of boots
Stlth    ..........             n - amulet of reflection
HPRegen  0.31/turn              Q - ring of protection from magic {MR+, !d}
MPRegen  0.22/turn              A - ring "Yhihets" {Wiz rPois rN+ MR+}

@: vulnerable, studying Crossbows
A: distributed training, fangs 1, strong nose
a: Heroism, Finesse, Renounce Religion


You were on level 4 of the Snake Pit.
You worshipped Okawaru.
Okawaru was exalted by your worship.
You were not hungry.

You visited 5 branches of the dungeon, and saw 26 of its levels.

You collected 2555 gold pieces.
You spent 1556 gold pieces at shops.

Inventory:

Hand Weapons
 a - a +1 war axe of flaming (weapon)
   (You found it on level 7 of the Dungeon)
 b - a +4 fustibalus of electrocution
   (Okawaru gifted it to you on level 2 of the Lair of Beasts)
 p - a +6 hand crossbow of freezing
   (You bought it in a shop on level 1 of the Snake Pit)
Missiles
 l - 172 stones
 C - 318 bolts
 F - 4 curare-tipped darts
 R - 3 throwing nets {=f, !d}
 W - 64 sling bullets
 X - 3 silver javelins
 Y - 34 boomerangs
 Z - 20 poisoned darts (quivered)
Armour
 c - a +2 tower shield of protection (worn)
   (Okawaru gifted it to you on level 13 of the Dungeon)
 m - a +0 pair of gloves of strength (worn)
   (Okawaru gifted it to you on level 4 of the Snake Pit)
 r - a +1 hat (worn)
   (You found it on level 1 of the Snake Pit)
 E - a +1 cloak (worn)
   (You found it on level 6 of the Dungeon)
 G - a +0 pair of boots (worn)
   (You found it on level 7 of the Dungeon)
 O - the +0 plate armour of Tearhip (worn) {rPois Int+4}
   (Okawaru gifted it to you on level 6 of the Lair of Beasts)

   It affects your intelligence (+4).
   It protects you from poison.
Jewellery
 h - an uncursed ring of protection from cold {rC+, !d}
   (You took it off a naga mage on level 4 of the Snake Pit)
 n - an amulet of reflection (around neck)
   (You found it on level 2 of the Dungeon)
 q - an uncursed ring of ice {rC+, rF-}
   (You found it on level 5 of the Dungeon)
 A - the ring "Yhihets" (right hand) {Wiz rPois rN+ MR+}
   (You bought it in a shop on level 5 of the Dungeon)

   [ring of wizardry]

   It improves your spell success rate.
   It protects you from poison.
   It protects you from negative energy.
   It affects your resistance to hostile enchantments.
 M - an uncursed amulet of guardian spirit {Spirit}
   (You found it on level 1 of the Lair of Beasts)
 Q - a ring of protection from magic (left hand) {MR+, !d}
   (You found it on level 1 of the Snake Pit)
Wands
 j - a wand of digging (5)
   (You found it on level 2 of the Snake Pit)
 D - a wand of disintegration (15)
   (You found it on level 3 of the Snake Pit)
 H - a wand of polymorph (23)
   (You took it off Erica on level 8 of the Dungeon)
 K - a wand of flame (62)
   (You found it on level 6 of the Dungeon)
 S - a wand of iceblast (10)
   (You took it off a naga mage on level 3 of the Snake Pit)
 T - a wand of paralysis (11)
   (You took it off an orc on level 10 of the Dungeon)
Scrolls
 e - 4 scrolls of teleportation
 g - 4 scrolls of fog
 i - 2 scrolls of holy word {!r}
 o - 9 scrolls of blinking {!r}
 t - 3 scrolls of magic mapping {!r}
 v - a scroll of fear
 B - a scroll of acquirement {unknown}
 J - 2 scrolls of immolation {unknown}
 L - a scroll of remove curse
 N - 2 scrolls of enchant weapon {unknown}
 U - 2 scrolls of brand weapon
Potions
 d - 4 potions of cancellation
 k - 3 potions of mutation {!q}
 s - a potion of haste
 w - 2 potions of invisibility
 x - 3 potions of resistance
 y - a potion of berserk rage {!q}
 z - 2 potions of might
 V - 4 potions of lignification {!q}
Books
 I - a manual of Crossbows {!d}
   (You found it on level 6 of the Dungeon)
Miscellaneous
 u - a phial of floods
   (You found it on level 4 of the Lair of Beasts)
Comestibles
 f - 21 rations


   Skills:
 + Level 12.5 Fighting
 + Level 10.9 Short Blades
 + Level 10.9 Long Blades
 + Level 11.7 Axes
 + Level 10.9 Maces & Flails
 + Level 10.9 Polearms
 + Level 10.9 Staves
 + Level 10.9 Slings
 + Level 10.9 Bows
 + Level 14.4 Crossbows
 + Level 10.9 Throwing
 + Level 12.5 Armour
 + Level 10.9 Dodging
 + Level 10.9 Stealth
 + Level 12.5 Shields
 + Level 10.9 Unarmed Combat
 + Level 10.9 Spellcasting
 + Level 9.3 Conjurations
 + Level 9.3 Hexes
 + Level 9.3 Charms
 + Level 9.3 Summonings
 + Level 9.3 Necromancy
 + Level 9.3 Translocations
 + Level 9.3 Transmutations
 + Level 9.3 Fire Magic
 + Level 9.3 Ice Magic
 + Level 9.3 Air Magic
 + Level 9.3 Earth Magic
 + Level 9.3 Poison Magic
 + Level 11.8 Invocations
 + Level 10.9 Evocations


You had 25 spell levels left.
You knew the following spells:

 Your Spells              Type           Power        Failure   Level  Hunger
a - Poisonous Vapours     Pois/Air       #####.       4%          2    None
b - Confusing Touch       Hex            #####...     9%          3    None
s - Swiftness             Chrm/Air       #####...     4%          2    None
x - Mephitic Cloud        Conj/Pois/Air  #####...     9%          3    None
A - Animate Skeleton      Necr           N/A          2%          1    None

Your spell library contained the following spells:

 Spells                   Type           Power        Failure   Level  Hunger
 Apportation              Tloc           #####.       2%          1    None
 Corona                   Hex            #####..      2%          1    None
 Magic Dart               Conj           ####         2%          1    None
 Shock                    Conj/Air       ####         2%          1    None
 Summon Small Mammal      Summ           ####         2%          1    None
 Blink                    Tloc           N/A          4%          2    None
 Call Imp                 Summ           #####...     4%          2    None
 Ensorcelled Hibernation  Hex/Ice        #####.       4%          2    None
 Slow                     Hex            #####...     4%          2    None
 Conjure Flame            Conj/Fire      #####...     9%          3    None
 Dazzling Flash           Conj/Hex       #####.       9%          3    None
 Static Discharge         Conj/Air       #####...     9%          3    None
 Tukima's Dance           Hex            #####...     9%          3    None
 Airstrike                Air            #####.....   26%         4    ###....
 Cause Fear               Hex            #####.....   26%         4    ###....
 Bolt of Magma            Conj/Fire/Erth #####.....   56%         5    #####..
 Iskenderun's Battlesphe  Conj/Chrm      #####...     56%         5    #####..
 Lightning Bolt           Conj/Air       #####.....   56%         5    #####..
 Silence                  Hex/Air        #####.....   56%         5    #####..
 Yara's Violent Unravell  Hex/Tmut       #####.....   56%         5    #####..
 Freezing Cloud           Conj/Ice/Air   #####.....   98%         6    ######.
 Iron Shot                Conj/Erth      #####.....   98%         6    ######.
 Orb of Destruction       Conj           #####.....   100%        7    #######
 Ring of Flames           Chrm/Fire      #####.....   100%        7    #######
 Spellforged Servitor     Conj/Summ      #####.....   100%        7    #######
 Discord                  Hex            #####.....   100%        8    #######


Dungeon Overview and Level Annotations

Branches:
Dungeon (13/15) Temple (1/1) D:5 Lair (6/6) D:9 Shoals (0/4) Lair:2 Snake (4/4) Lair:2 Slime (0/5) Lair:5 Orc (2/2) D:11 Elf (0/3) Orc:2 Vaults (0/5) D:12 D:13

Altars:
Ashenzari
Cheibriados
Dithmenos
Elyvilon
Fedhas
Gozag
Hepliaklqana
Kikubaaqudgha
Makhleb
Nemelex Xobeh
Okawaru
Qazlal
Ru
Sif Muna
Trog
Uskayaw
Vehumet
Wu Jian
Xom
Yredelemnul
Zin
The Shining One

Shops:
D:5 =(!   D:9 ?   D:10 %   Orc:1 ?   Orc:2 *:!*   Snake:1 =(

Annotations:
D:3 1 runed translucent door, Crazy Yiuf
D:4 exclusion: downstairs
D:6 exclusion: upstairs
D:10 Urug
Lair:6 2 runed translucent doors
Snake:3 1 runed translucent door
Snake:4 Aizul, Nikola


Innate Abilities, Weirdness & Mutations

Your experience applies equally to all skills.
You have very sharp teeth.
Your uncanny sense of smell can sniff out nearby items.


Message History

You take 4 damage, and have 125/129 hp.
You feel sick. The naga mage spits poison at you.
The splash of poison misses you.
You take 1 damage, and have 124/129 hp.
You feel sick.
You take 1 damage, and have 123/129 hp.
Things that are here:
a +0 spear; a +0 robe; a cursed -3 halberd You feel sick.
Items here: )) [ ÷ a +1 dire flail of protection; a +0 robe; a +0 dire flail; an anaconda skeleton You take 1 damage, and have 123/129 hp.
You feel sick.
You take 1 damage, and have 123/129 hp.
You start resting.
The naga mage is too close now for your liking.
You feel sick. You block the naga mage's attack.
You take 1 damage, and have 123/129 hp.
The naga mage gestures at you while chanting.
You resist with almost no effort. The naga mage spits poison at you.
The splash of poison hits you but does no damage.
You resist.
Your shield and plate armour of Tearhip prevent you from hitting the naga mage.
The naga mage gestures at you while chanting.
The bolt of poison misses you.
You barely miss the naga mage.
You feel sick. You block the naga mage's attack. x2
The naga mage hits you with a +2 vampiric halberd.
You block the naga mage's attack.
You take 7 damage, and have 117/129 hp.
You slice the naga mage!! You burn the naga mage.
You block the naga mage's attack. x2
You hit the naga mage but do no damage. Your bite misses the naga mage.
The naga mage gestures at you while chanting.
The poison arrow reflects off an invisible shield around you!
The poison arrow hits the naga mage!
The naga mage partially resists.
The naga mage is poisoned.
You kill the naga mage!
Okawaru accepts your kill.
You start resting.
You feel sick. x2
You are no longer poisoned.
You start resting.
Health restored: 129 You now have 999 gold pieces (gained 13).
Your pack is full.
Items here: " ))) [ ÷ † Your pack is full.
Items here: " ))) [ ÷ † Could not pick up an item here; shall I ignore it?
Okay, then.
Unknown command.
Your pack is full.
Items here: " ))) [ ÷ † Could not pick up an item here; shall I ignore it?
Items here: " ))) [ ÷ †
Things that are here:
a +0 spear; a +0 robe; a cursed -3 halberd Nikola shouts!
Nikola is too close now for your liking.
Nikola is nearby!
Here: Nikola, wielding a +0 rapier of electrocution, wearing a +2 cloak of magic resistance and wearing a +2 pair of gloves The floor.
Unknown command.
Aim: Nikola, wielding a +0 rapier of electrocution, wearing a +2 cloak of magic resistance and wearing a +2 pair of gloves (chance to defeat MR: 0%)
Okay, then.
Unknown command.
Nikola casts a spell.
Nikola blinks!
Things that are here:
a +0 spear; a +0 robe; a cursed -3 halberd
Items here: " ))) [ ÷ † You start waiting.
Nikola is too close now for your liking.
Nikola gestures at you while chanting. The zap hits you.
You take 6 damage, and have 123/129 hp.
Really read
P - a scroll of vulnerability {!r!r}?
Really read the scroll of vulnerability?
As you read the scroll of vulnerability {!r!r}, it crumbles to dust.
Magic quickly surges around you.
Nikola mumbles some strange words.
You hear a mighty clap of thunder!
The lightning arc hits you!!
The lightning arc hits Nikola!
The lightning arc hits you!!
The lightning arc grounds out.
You hear a shout!
You take 63 damage, and have 60/129 hp.
MASSIVE DAMAGE!!
That item cannot be evoked!
Unknown command.
Aim: Nikola, wielding a +0 rapier of electrocution, wearing a +2 cloak of magic resistance and wearing a +2 pair of gloves (lightly wounded, susceptible to hostile enchantments, chance to defeat MR: 23%) Nikola resists with almost no effort.
Nikola gestures wildly while chanting.
You hear a mighty clap of thunder!
The lightning arc hits you!!
The lightning arc hits Nikola!
The lightning arc hits you!!
* * * LOW HITPOINT WARNING * * *
The lightning arc hits Nikola.
The lightning arc hits you!!
You die...

#....##.....# ####..##....
#.....####### #.#...(..##
##..^..##.### #.#.##....#
####......#.##.####......##.#
##.#....###.###.##....##...#
..
.#...#####..###.#####.######
.# #.#.## #..##.###@)..# #
#..#.# ####.##..##### ∆
.#..## ###......@##
.##..###..###[...#
..#####......#####
#...###.###...#
##.........#### .#....#.....#
#.#....##...# #.)#)...##.##
#..[##[.####


You could see Nikola (vulnerable).

Vanquished Creatures
  A nagaraja (Snake:3)
  Louise (Snake:4)
  Nessos (Orc:2)
  Harold (D:9)
  An ice dragon (Lair:4)
  Fannar (D:10)
  5 hydras
  7 naga warriors
  Erica (D:8)
  12 two-headed ogres
  2 centaur warriors (D:13)
  2 ogre magi (Orc:2)
  8 anacondas
  A death yak (Lair:5)
  13 naga sharpshooters
  6 shock serpents
  Sonja (D:11)
  3 unseen horrors
  2 deep trolls
  A sea snake (Snake:4)
  A deep elf archer (D:13)
  A lindwurm (Lair:6)
  8 mana vipers
  Pikel (D:8)
  5 naga ritualists
  An orc knight (D:13)
  2 orc sorcerers
  An ugly thing (D:11)
  3 cyclopes
  2 manticores
  Maurice (D:10)
  11 elephants
  8 salamanders
  A gargoyle (D:12)
  3 guardian serpents
  35 black mambas
  3 molten gargoyles (Lair:6)
  A torpor snail (Lair:5)
  14 naga magi
  9 spiny frogs
  Psyche (D:8)
  A rime drake (Lair:5)
  A tengu conjurer (D:13)
  5 komodo dragons
  8 trolls
  Grinder (D:5)
  4 blink frogs (Lair:3)
  Prince Ribbit (D:6)
  5 dream sheep
  3 hippogriffs
  26 yaks
  3 vampires
  4 water elementals (D:13)
  16 humans
  9 wyverns
  A hungry ghost (D:8)
  4 basilisks
  Grum (D:8)
  A soldier ant (D:10)
  4 wargs
  Edmund (D:5)
  38 nagas
  3 hell hounds (Lair:6)
  13 water moccasins
  5 porcupines
  4 slaves (D:8)
  10 orc warriors
  A necrophage (D:9)
  3 wolves
  2 sky beasts
  2 phantoms
  23 ogres
  12 crocodiles
  7 centaurs
  A big kobold (D:9)
  13 bullfrogs
  A gnoll sergeant (D:11)
  2 water moccasin zombies
  5 scorpions
  16 killer bees
  2 electric eels
  3 howler monkeys
  5 lava snakes (Lair:6)
  7 crimson imps
  A bullfrog zombie (D:12)
  5 jellies
  4 hounds
  A quasit (D:10)
  4 bullfrog skeletons
  10 orc priests
  2 centaur skeletons
  16 orc wizards
  4 iguanas
  15 worker ants
  A hound zombie (D:10)
  A hound skeleton (D:11)
  2 howler monkey zombies
  3 gnolls
  22 adders
  5 shadow imps
  3 white imps (Lair:4)
  3 worms
  2 dart slugs
  2 leopard geckos
  49 orcs
  5 giant cockroaches
  3 goblins
  3 hobgoblins (D:2)
  4 jackals (D:1)
  7 kobolds
  7 quokkas
  12 bats
  A frilled lizard (D:1)
  A quokka skeleton (D:5)
  4 rats
661 creatures vanquished.

Vanquished Creatures (collateral kills)
  A naga ritualist (Snake:3)
  A torpor snail (Lair:5)
  A spiny frog (Lair:5)
  2 dream sheep (Lair:3)
  A hippogriff (Lair:5)
  4 water moccasins
  A crocodile (Lair:6)
  An adder (Lair:2)
  A plant (Lair:6)
13 creatures vanquished.

Vanquished Creatures (others)
  2 trolls (Orc:2)
  3 fungi
  2 plants
7 creatures vanquished.

Grand Total: 681 creatures vanquished

Notes
Turn   | Place    | Note
-------+----------+-------------------------------------------
     0 | D:1      | hehateme the Gnoll Fighter began the quest for the Orb.
     0 | D:1      | Reached XP level 1. HP: 23/23 MP: 1/1
   190 | D:1      | Reached XP level 2. HP: 29/29 MP: 2/2
   531 | D:1      | Reached XP level 3. HP: 35/35 MP: 3/3
   650 | D:2      | Found a blossoming altar of Fedhas.
   850 | D:2      | Reached skill level 1 in Invocations
  1055 | D:2      | Reached skill level 1 in Short Blades
  1055 | D:2      | Reached skill level 1 in Long Blades
  1055 | D:2      | Reached skill level 1 in Maces & Flails
  1055 | D:2      | Reached skill level 1 in Polearms
  1055 | D:2      | Reached skill level 1 in Staves
  1055 | D:2      | Reached skill level 1 in Slings
  1055 | D:2      | Reached skill level 1 in Bows
  1055 | D:2      | Reached skill level 1 in Crossbows
  1055 | D:2      | Reached skill level 1 in Throwing
  1055 | D:2      | Reached skill level 1 in Dodging
  1055 | D:2      | Reached skill level 1 in Stealth
  1055 | D:2      | Reached skill level 1 in Unarmed Combat
  1055 | D:2      | Reached skill level 1 in Spellcasting
  1055 | D:2      | Reached skill level 1 in Evocations
  1055 | D:2      | Reached XP level 4. HP: 41/41 MP: 5/5
  1335 | D:2      | Reached skill level 1 in Conjurations
  1335 | D:2      | Reached skill level 1 in Hexes
  1335 | D:2      | Reached skill level 1 in Charms
  1335 | D:2      | Reached skill level 1 in Summonings
  1335 | D:2      | Reached skill level 1 in Necromancy
  1335 | D:2      | Reached skill level 1 in Translocations
  1335 | D:2      | Reached skill level 1 in Transmutations
  1335 | D:2      | Reached skill level 1 in Fire Magic
  1335 | D:2      | Reached skill level 1 in Ice Magic
  1335 | D:2      | Reached skill level 1 in Air Magic
  1335 | D:2      | Reached skill level 1 in Earth Magic
  1335 | D:2      | Reached skill level 1 in Poison Magic
  1490 | D:3      | You fall into a shaft and drop 2 floors!
  1490 | D:5      | Entered Level 5 of the Dungeon
  1505 | D:5      | Reached XP level 5. HP: 44/47 MP: 5/7
  1514 | D:5      | Found a sparkling altar of Nemelex Xobeh.
  1821 | D:4      | Reached XP level 6. HP: 45/53 MP: 8/8
  1934 | D:4      | Noticed a phantom
  1958 | D:4      | Killed a phantom
  1958 | D:4      | Reached skill level 5 in Axes
  1958 | D:4      | Reached skill level 2 in Invocations
  1971 | D:4      | Reached skill level 2 in Short Blades
  1971 | D:4      | Reached skill level 2 in Long Blades
  1971 | D:4      | Reached skill level 2 in Maces & Flails
  1971 | D:4      | Reached skill level 2 in Polearms
  1971 | D:4      | Reached skill level 2 in Staves
  1971 | D:4      | Reached skill level 2 in Slings
  1971 | D:4      | Reached skill level 2 in Bows
  1971 | D:4      | Reached skill level 2 in Crossbows
  1971 | D:4      | Reached skill level 2 in Throwing
  1971 | D:4      | Reached skill level 2 in Dodging
  1971 | D:4      | Reached skill level 2 in Stealth
  1971 | D:4      | Reached skill level 2 in Unarmed Combat
  1971 | D:4      | Reached skill level 2 in Spellcasting
  1971 | D:4      | Reached skill level 2 in Evocations
  2306 | D:4      | Reached XP level 7. HP: 51/59 MP: 10/10
  2989 | D:3      | Reached skill level 7 in Fighting
  2989 | D:3      | Reached skill level 7 in Armour
  2989 | D:3      | Reached skill level 7 in Shields
  3215 | D:3      | Reached skill level 2 in Conjurations
  3215 | D:3      | Reached skill level 2 in Hexes
  3215 | D:3      | Reached skill level 2 in Charms
  3215 | D:3      | Reached skill level 2 in Summonings
  3215 | D:3      | Reached skill level 2 in Necromancy
  3215 | D:3      | Reached skill level 2 in Translocations
  3215 | D:3      | Reached skill level 2 in Transmutations
  3215 | D:3      | Reached skill level 2 in Fire Magic
  3215 | D:3      | Reached skill level 2 in Ice Magic
  3215 | D:3      | Reached skill level 2 in Air Magic
  3215 | D:3      | Reached skill level 2 in Earth Magic
  3215 | D:3      | Reached skill level 2 in Poison Magic
  3238 | D:3      | Found a runed translucent door.
  3239 | D:3      | Noticed Crazy Yiuf
  3309 | D:3      | Found a white marble altar of Elyvilon.
  3781 | D:5      | Found Oloshroi's Jewellery Shoppe.
  3800 | D:5      | Noticed Edmund
  3864 | D:5      | Found Uzoosav's Distillery.
  3884 | D:5      | Bought a potion of might for 52 gold pieces
  3884 | D:5      | Bought a potion of curing for 39 gold pieces
  3916 | D:5      | Noticed Grinder
  3918 | D:5      | Paralysed by Grinder for 3 turns
  3931 | D:5      | Killed Grinder
  3931 | D:5      | Reached skill level 3 in Invocations
  3931 | D:5      | Reached XP level 8. HP: 55/67 MP: 10/12
  3989 | D:5      | Found a staircase to the Ecumenical Temple.
  4004 | Temple   | Entered the Ecumenical Temple
  4151 | Temple   | Became a worshipper of Warmaster Okawaru
  4168 | D:5      | Learned a level 1 spell: Animate Skeleton
  4211 | D:5      | Found Qiutei's Weapon Emporium.
  4242 | D:6      | Reached skill level 3 in Short Blades
  4242 | D:6      | Reached skill level 3 in Long Blades
  4242 | D:6      | Reached skill level 3 in Maces & Flails
  4242 | D:6      | Reached skill level 3 in Polearms
  4242 | D:6      | Reached skill level 3 in Staves
  4242 | D:6      | Reached skill level 3 in Slings
  4242 | D:6      | Reached skill level 3 in Bows
  4242 | D:6      | Reached skill level 3 in Crossbows
  4242 | D:6      | Reached skill level 3 in Throwing
  4242 | D:6      | Reached skill level 3 in Dodging
  4242 | D:6      | Reached skill level 3 in Stealth
  4242 | D:6      | Reached skill level 3 in Unarmed Combat
  4242 | D:6      | Reached skill level 3 in Spellcasting
  4242 | D:6      | Reached skill level 3 in Evocations
  4879 | D:6      | Reached * piety under Okawaru
  4891 | D:6      | Noticed Prince Ribbit
  4935 | D:6      | Killed Prince Ribbit
  4935 | D:6      | Reached skill level 4 in Crossbows
  4935 | D:6      | Reached skill level 3 in Conjurations
  4935 | D:6      | Reached skill level 3 in Hexes
  4935 | D:6      | Reached skill level 3 in Charms
  4935 | D:6      | Reached skill level 3 in Summonings
  4935 | D:6      | Reached skill level 3 in Necromancy
  4935 | D:6      | Reached skill level 3 in Translocations
  4935 | D:6      | Reached skill level 3 in Transmutations
  4935 | D:6      | Reached skill level 3 in Fire Magic
  4935 | D:6      | Reached skill level 3 in Ice Magic
  4935 | D:6      | Reached skill level 3 in Air Magic
  4935 | D:6      | Reached skill level 3 in Earth Magic
  4935 | D:6      | Reached skill level 3 in Poison Magic
  4935 | D:6      | Reached skill level 4 in Invocations
  4935 | D:6      | Reached XP level 9. HP: 70/72 MP: 14/14
  5125 | D:7      | Reached skill level 6 in Axes
  6478 | D:7      | Reached skill level 4 in Short Blades
  6478 | D:7      | Reached skill level 4 in Long Blades
  6478 | D:7      | Reached skill level 4 in Maces & Flails
  6478 | D:7      | Reached skill level 4 in Polearms
  6478 | D:7      | Reached skill level 4 in Staves
  6478 | D:7      | Reached skill level 4 in Slings
  6478 | D:7      | Reached skill level 4 in Bows
  6478 | D:7      | Reached skill level 4 in Throwing
  6478 | D:7      | Reached skill level 4 in Dodging
  6478 | D:7      | Reached skill level 4 in Stealth
  6478 | D:7      | Reached skill level 4 in Unarmed Combat
  6478 | D:7      | Reached skill level 4 in Spellcasting
  6478 | D:7      | Reached skill level 4 in Evocations
  6675 | D:8      | Found a radiant altar of Vehumet.
  6773 | D:7      | Reached ** piety under Okawaru
  6934 | D:8      | Reached skill level 5 in Crossbows
  7117 | D:8      | Noticed Psyche
  7123 | D:8      | Killed Psyche
  7123 | D:8      | Reached skill level 8 in Fighting
  7123 | D:8      | Reached skill level 8 in Armour
  7123 | D:8      | Reached skill level 8 in Shields
  7200 | D:8      | Found a shimmering blue altar of Sif Muna.
  7278 | D:8      | Noticed Pikel
  7411 | D:8      | Killed Pikel
  7411 | D:8      | Reached skill level 5 in Invocations
  7411 | D:8      | Reached XP level 10. HP: 80/80 MP: 14/17
  7745 | D:8      | Noticed Grum
  7765 | D:8      | Reached skill level 6 in Crossbows
  7765 | D:8      | Reached skill level 4 in Conjurations
  7765 | D:8      | Reached skill level 4 in Hexes
  7765 | D:8      | Reached skill level 4 in Charms
  7765 | D:8      | Reached skill level 4 in Summonings
  7765 | D:8      | Reached skill level 4 in Necromancy
  7765 | D:8      | Reached skill level 4 in Translocations
  7765 | D:8      | Reached skill level 4 in Transmutations
  7765 | D:8      | Reached skill level 4 in Fire Magic
  7765 | D:8      | Reached skill level 4 in Ice Magic
  7765 | D:8      | Reached skill level 4 in Air Magic
  7765 | D:8      | Reached skill level 4 in Earth Magic
  7765 | D:8      | Reached skill level 4 in Poison Magic
  8024 | D:8      | Killed Grum
  8124 | D:8      | Reached *** piety under Okawaru
  8142 | D:8      | Noticed Erica
  8158 | D:8      | Killed Erica
  8158 | D:8      | Reached skill level 5 in Short Blades
  8158 | D:8      | Reached skill level 5 in Long Blades
  8158 | D:8      | Reached skill level 7 in Axes
  8158 | D:8      | Reached skill level 5 in Maces & Flails
  8158 | D:8      | Reached skill level 5 in Polearms
  8158 | D:8      | Reached skill level 5 in Staves
  8158 | D:8      | Reached skill level 5 in Slings
  8158 | D:8      | Reached skill level 5 in Bows
  8158 | D:8      | Reached skill level 5 in Throwing
  8158 | D:8      | Reached skill level 5 in Dodging
  8158 | D:8      | Reached skill level 5 in Stealth
  8158 | D:8      | Reached skill level 5 in Unarmed Combat
  8158 | D:8      | Reached skill level 5 in Spellcasting
  8158 | D:8      | Reached skill level 5 in Evocations
  8659 | D:8      | Found a glowing silver altar of Zin.
  9557 | D:9      | Found Mametuif's Magic Scroll Emporium.
  9568 | D:9      | Bought a scroll of teleportation for 39 gold pieces
  9568 | D:9      | Bought a scroll of blinking for 97 gold pieces
 10026 | D:9      | Found a staircase to the Lair.
 10027 | D:9      | Noticed Harold
 10036 | D:9      | Killed Harold
 10036 | D:9      | Reached skill level 7 in Crossbows
 10036 | D:9      | Reached skill level 6 in Invocations
 10419 | D:9      | Reached **** piety under Okawaru
 10659 | D:9      | Reached XP level 11. HP: 80/87 MP: 19/19
 10757 | D:9      | Noticed a two-headed ogre
 10798 | D:9      | Killed a two-headed ogre
 11284 | D:9      | Killed an unseen horror
 11284 | D:9      | Received a gift from Okawaru
 11284 | D:9      | Reached skill level 9 in Fighting
 11284 | D:9      | Reached skill level 6 in Short Blades
 11284 | D:9      | Reached skill level 6 in Long Blades
 11284 | D:9      | Reached skill level 6 in Maces & Flails
 11284 | D:9      | Reached skill level 6 in Polearms
 11284 | D:9      | Reached skill level 6 in Staves
 11284 | D:9      | Reached skill level 6 in Slings
 11284 | D:9      | Reached skill level 6 in Bows
 11284 | D:9      | Reached skill level 6 in Throwing
 11284 | D:9      | Reached skill level 9 in Armour
 11284 | D:9      | Reached skill level 6 in Dodging
 11284 | D:9      | Reached skill level 6 in Stealth
 11284 | D:9      | Reached skill level 9 in Shields
 11284 | D:9      | Reached skill level 6 in Unarmed Combat
 11284 | D:9      | Reached skill level 6 in Spellcasting
 11284 | D:9      | Reached skill level 6 in Evocations
 11562 | D:10     | Entered Level 10 of the Dungeon
 11628 | D:10     | Reached skill level 5 in Conjurations
 11628 | D:10     | Reached skill level 5 in Hexes
 11628 | D:10     | Reached skill level 5 in Charms
 11628 | D:10     | Reached skill level 5 in Summonings
 11628 | D:10     | Reached skill level 5 in Necromancy
 11628 | D:10     | Reached skill level 5 in Translocations
 11628 | D:10     | Reached skill level 5 in Transmutations
 11628 | D:10     | Reached skill level 5 in Fire Magic
 11628 | D:10     | Reached skill level 5 in Ice Magic
 11628 | D:10     | Reached skill level 5 in Air Magic
 11628 | D:10     | Reached skill level 5 in Earth Magic
 11628 | D:10     | Reached skill level 5 in Poison Magic
 11827 | D:10     | Noticed Maurice
 11839 | D:10     | Found Godeiwk's Food Shoppe.
 11975 | D:10     | Reached skill level 8 in Crossbows
 12060 | D:10     | Killed Maurice
 12257 | D:10     | HP: 21/89 [something/vampiric draining (14)]
 12728 | D:9      | HP: 20/89 [something/vampiric draining (17)]
 12730 | D:9      | HP: 9/89 [something/vampiric draining (12)]
 12733 | D:9      | HP: 4/89 [something (4)]
 13085 | D:9      | Reached skill level 8 in Axes
 13085 | D:9      | Reached skill level 9 in Crossbows
 13085 | D:9      | Reached skill level 7 in Invocations
 13085 | D:9      | Reached XP level 12. HP: 96/96 MP: 20/22
 13118 | D:10     | Noticed Urug
 13127 | D:10     | Noticed a two-headed ogre
 13150 | D:10     | Killed a two-headed ogre
 13150 | D:10     | Reached skill level 7 in Short Blades
 13150 | D:10     | Reached skill level 7 in Long Blades
 13150 | D:10     | Reached skill level 7 in Maces & Flails
 13150 | D:10     | Reached skill level 7 in Polearms
 13150 | D:10     | Reached skill level 7 in Staves
 13150 | D:10     | Reached skill level 7 in Slings
 13150 | D:10     | Reached skill level 7 in Bows
 13150 | D:10     | Reached skill level 7 in Throwing
 13150 | D:10     | Reached skill level 7 in Dodging
 13150 | D:10     | Reached skill level 7 in Stealth
 13150 | D:10     | Reached skill level 7 in Unarmed Combat
 13150 | D:10     | Reached skill level 7 in Spellcasting
 13150 | D:10     | Reached skill level 7 in Evocations
 13403 | D:10     | Found an opulent altar of Gozag.
 13410 | D:10     | Noticed Fannar
 13494 | D:10     | Killed Fannar
 13494 | D:10     | Received a gift from Okawaru
 14364 | D:11     | Reached skill level 6 in Conjurations
 14364 | D:11     | Reached skill level 6 in Hexes
 14364 | D:11     | Reached skill level 6 in Charms
 14364 | D:11     | Reached skill level 6 in Summonings
 14364 | D:11     | Reached skill level 6 in Necromancy
 14364 | D:11     | Reached skill level 6 in Translocations
 14364 | D:11     | Reached skill level 6 in Transmutations
 14364 | D:11     | Reached skill level 6 in Fire Magic
 14364 | D:11     | Reached skill level 6 in Ice Magic
 14364 | D:11     | Reached skill level 6 in Air Magic
 14364 | D:11     | Reached skill level 6 in Earth Magic
 14364 | D:11     | Reached skill level 6 in Poison Magic
 14380 | D:11     | Paralysed by an orc for 4 turns
 14905 | D:11     | Found a staircase to the Orcish Mines.
 15006 | D:11     | Received a gift from Okawaru
 15006 | D:11     | Reached skill level 8 in Invocations
 15145 | D:11     | Noticed Sonja
 15153 | D:11     | Killed Sonja
 15649 | D:12     | Reached ***** piety under Okawaru
 15649 | D:12     | Reached skill level 10 in Fighting
 15649 | D:12     | Reached skill level 10 in Crossbows
 15649 | D:12     | Reached skill level 10 in Armour
 15649 | D:12     | Reached skill level 10 in Shields
 15938 | D:12     | Reached XP level 13. HP: 95/103 MP: 24/24
 16147 | D:13     | Found a gate to the Vaults.
 16232 | Lair:1   | Entered Level 1 of the Lair of Beasts
 16362 | D:5      | Bought the ring "Yhihets" {Wiz rPois rN+ MR+} for 612 gold
                  | pieces
 16503 | Lair:1   | Reached skill level 9 in Axes
 17467 | Lair:1   | Found a shimmering altar of Xom.
 18446 | Lair:2   | Received a gift from Okawaru
 18996 | D:5      | Killed Edmund
 19161 | Lair:2   | Found a staircase to the Shoals.
 19397 | Lair:2   | Reached skill level 8 in Short Blades
 19397 | Lair:2   | Reached skill level 8 in Long Blades
 19397 | Lair:2   | Reached skill level 8 in Maces & Flails
 19397 | Lair:2   | Reached skill level 8 in Polearms
 19397 | Lair:2   | Reached skill level 8 in Staves
 19397 | Lair:2   | Reached skill level 8 in Slings
 19397 | Lair:2   | Reached skill level 8 in Bows
 19397 | Lair:2   | Reached skill level 8 in Throwing
 19397 | Lair:2   | Reached skill level 8 in Dodging
 19397 | Lair:2   | Reached skill level 8 in Stealth
 19397 | Lair:2   | Reached skill level 8 in Unarmed Combat
 19397 | Lair:2   | Reached skill level 8 in Spellcasting
 19397 | Lair:2   | Reached skill level 8 in Evocations
 19795 | Lair:2   | Found a staircase to the Snake Pit.
 20954 | Lair:3   | Reached skill level 9 in Invocations
 21177 | Lair:3   | Learned a level 3 spell: Mephitic Cloud
 21180 | Lair:3   | Learned a level 2 spell: Poisonous Vapours
 21183 | Lair:3   | Learned a level 2 spell: Swiftness
 21516 | Lair:4   | Reached skill level 11 in Crossbows
 21822 | Lair:3   | Received a gift from Okawaru
 21970 | Lair:4   | Received a gift from Okawaru
 21970 | Lair:4   | Reached skill level 7 in Conjurations
 21970 | Lair:4   | Reached skill level 7 in Hexes
 21970 | Lair:4   | Reached skill level 7 in Charms
 21970 | Lair:4   | Reached skill level 7 in Summonings
 21970 | Lair:4   | Reached skill level 7 in Necromancy
 21970 | Lair:4   | Reached skill level 7 in Translocations
 21970 | Lair:4   | Reached skill level 7 in Transmutations
 21970 | Lair:4   | Reached skill level 7 in Fire Magic
 21970 | Lair:4   | Reached skill level 7 in Ice Magic
 21970 | Lair:4   | Reached skill level 7 in Air Magic
 21970 | Lair:4   | Reached skill level 7 in Earth Magic
 21970 | Lair:4   | Reached skill level 7 in Poison Magic
 22118 | Lair:4   | Noticed an ice dragon
 22456 | Lair:4   | Killed an ice dragon
 22456 | Lair:4   | Received a gift from Okawaru
 22569 | Lair:4   | You fall into a shaft and drop 1 floor!
 22572 | Lair:6   | Entered Level 6 of the Lair of Beasts
 22649 | Lair:6   | Received a gift from Okawaru
 22786 | Lair:5   | Reached XP level 14. HP: 106/111 MP: 26/26
 22903 | Lair:5   | Found a staircase to the Slime Pits.
 24607 | Lair:6   | Reached skill level 10 in Axes
 24968 | Lair:6   | Received a gift from Okawaru
 24968 | Lair:6   | Reached skill level 11 in Fighting
 24968 | Lair:6   | Reached skill level 11 in Armour
 24968 | Lair:6   | Reached skill level 11 in Shields
 24976 | Lair:6   | Reached skill level 9 in Short Blades
 24976 | Lair:6   | Reached skill level 9 in Long Blades
 24976 | Lair:6   | Reached skill level 9 in Maces & Flails
 24976 | Lair:6   | Reached skill level 9 in Polearms
 24976 | Lair:6   | Reached skill level 9 in Staves
 24976 | Lair:6   | Reached skill level 9 in Slings
 24976 | Lair:6   | Reached skill level 9 in Bows
 24976 | Lair:6   | Reached skill level 9 in Throwing
 24976 | Lair:6   | Reached skill level 9 in Dodging
 24976 | Lair:6   | Reached skill level 9 in Stealth
 24976 | Lair:6   | Reached skill level 9 in Unarmed Combat
 24976 | Lair:6   | Reached skill level 9 in Spellcasting
 24976 | Lair:6   | Reached skill level 9 in Evocations
 25085 | Lair:6   | Got a transparent plate armour {god gift}
 25644 | Lair:6   | Found a large runed translucent door.
 25645 | Lair:6   | Found a large runed translucent door.
 25668 | Lair:6   | Reached skill level 12 in Crossbows
 26399 | Orc:1    | Entered Level 1 of the Orcish Mines
 26739 | Orc:1    | Identified the +0 plate armour of Tearhip {rPois Int+4}
                  | (Okawaru gifted it to you on level 6 of the Lair of Beasts)
 27128 | Orc:1    | Found Jeymaek's Magic Scroll Shoppe.
 27185 | Orc:1    | Bought a scroll of magic mapping for 38 gold pieces
 27268 | Orc:2    | Entered Level 2 of the Orcish Mines
 27381 | Orc:2    | Found a staircase to the Elven Halls.
 27453 | Orc:2    | Noticed Nessos
 27467 | Orc:2    | Killed Nessos
 27467 | Orc:2    | Reached skill level 10 in Invocations
 28615 | Orc:2    | Found Xegarr's Distillery.
 28654 | Orc:2    | Reached XP level 15. HP: 81/119 MP: 28/28
 28858 | Orc:2    | Found Plog's General Store.
 28875 | Orc:2    | Found Wauwk's Book Boutique.
 28881 | Orc:2    | Received a gift from Okawaru
 28881 | Orc:2    | Reached skill level 8 in Conjurations
 28881 | Orc:2    | Reached skill level 8 in Hexes
 28881 | Orc:2    | Reached skill level 8 in Charms
 28881 | Orc:2    | Reached skill level 8 in Summonings
 28881 | Orc:2    | Reached skill level 8 in Necromancy
 28881 | Orc:2    | Reached skill level 8 in Translocations
 28881 | Orc:2    | Reached skill level 8 in Transmutations
 28881 | Orc:2    | Reached skill level 8 in Fire Magic
 28881 | Orc:2    | Reached skill level 8 in Ice Magic
 28881 | Orc:2    | Reached skill level 8 in Air Magic
 28881 | Orc:2    | Reached skill level 8 in Earth Magic
 28881 | Orc:2    | Reached skill level 8 in Poison Magic
 28979 | Orc:2    | Bought 2 potions of heal wounds for 120 gold pieces
 28979 | Orc:2    | Bought a potion of invisibility for 96 gold pieces
 29020 | Orc:2    | Found Etex's General Store.
 29449 | D:12     | Received a gift from Okawaru
 29676 | D:13     | Received a gift from Okawaru
 30459 | D:13     | Found an iron altar of Okawaru.
 30592 | D:13     | Reached ****** piety under Okawaru
 31232 | Snake:1  | Entered Level 1 of the Snake Pit
 31247 | Snake:1  | Reached skill level 13 in Crossbows
 31483 | Lair:2   | HP: 21/120 [shock serpent/bolt of electricity (14)]
 31489 | Lair:2   | HP: 28/120 [shock serpent/bolt of electricity (17)]
 31491 | Lair:2   | HP: 11/120 [shock serpent/bolt of electricity (6)]
 32284 | Snake:1  | Reached skill level 10 in Short Blades
 32284 | Snake:1  | Reached skill level 10 in Long Blades
 32284 | Snake:1  | Reached skill level 10 in Maces & Flails
 32284 | Snake:1  | Reached skill level 10 in Polearms
 32284 | Snake:1  | Reached skill level 10 in Staves
 32284 | Snake:1  | Reached skill level 10 in Slings
 32284 | Snake:1  | Reached skill level 10 in Bows
 32284 | Snake:1  | Reached skill level 10 in Throwing
 32284 | Snake:1  | Reached skill level 10 in Dodging
 32284 | Snake:1  | Reached skill level 10 in Stealth
 32284 | Snake:1  | Reached skill level 10 in Unarmed Combat
 32284 | Snake:1  | Reached skill level 10 in Spellcasting
 32284 | Snake:1  | Reached skill level 10 in Evocations
 32298 | Snake:1  | Found Adghubaem's Jewellery Emporium.
 32305 | Snake:1  | Found Nuerph's Antique Weapon Emporium.
 32319 | Snake:1  | Bought a steaming arbalest for 275 gold pieces
 32328 | Snake:1  | Identified the +4 arbalest "Jireukuhe" {vorpal, Int+5
                  | Dex-5} (You bought it in a shop on level 1 of the Snake
                  | Pit)
 32330 | Snake:1  | Bought a glowing hand crossbow for 188 gold pieces
 33353 | Snake:2  | Reached skill level 11 in Axes
 33405 | Snake:2  | Received a gift from Okawaru
 33656 | Snake:1  | Reached skill level 11 in Invocations
 33674 | Snake:1  | Received a gift from Okawaru
 33870 | Snake:2  | HP: 25/120 [shock serpent/bolt of electricity (12)]
 35030 | Snake:2  | Received a gift from Okawaru
 35420 | Snake:2  | HP: 28/120 [anaconda (3)]
 35421 | Snake:2  | Reached XP level 16. HP: 16/127 MP: 23/30
 35421 | Snake:2  | HP: 13/127 [anaconda (1)]
 35426 | Snake:2  | HP: 24/127 [anaconda (2)]
 35790 | Snake:3  | Reached skill level 12 in Fighting
 35790 | Snake:3  | Reached skill level 12 in Armour
 35790 | Snake:3  | Reached skill level 12 in Shields
 35801 | Snake:3  | Received a gift from Okawaru
 35887 | Snake:2  | SHOCK SERPENT!!
 36018 | Snake:2  | Learned a level 3 spell: Confusing Touch
 36232 | Snake:3  | Received a gift from Okawaru
 36233 | Snake:3  | Found the +8 longbow "Zephyr" {speed, Dex+3 SInv}
 36988 | Snake:3  | Noticed a nagaraja
 37001 | Snake:3  | Killed a nagaraja
 37371 | Snake:3  | Reached skill level 9 in Conjurations
 37371 | Snake:3  | Reached skill level 9 in Hexes
 37371 | Snake:3  | Reached skill level 9 in Charms
 37371 | Snake:3  | Reached skill level 9 in Summonings
 37371 | Snake:3  | Reached skill level 9 in Necromancy
 37371 | Snake:3  | Reached skill level 9 in Translocations
 37371 | Snake:3  | Reached skill level 9 in Transmutations
 37371 | Snake:3  | Reached skill level 9 in Fire Magic
 37371 | Snake:3  | Reached skill level 9 in Ice Magic
 37371 | Snake:3  | Reached skill level 9 in Air Magic
 37371 | Snake:3  | Reached skill level 9 in Earth Magic
 37371 | Snake:3  | Reached skill level 9 in Poison Magic
 37480 | Snake:3  | Reached skill level 14 in Crossbows
 37712 | Snake:3  | Found a runed translucent door.
 37826 | Snake:4  | Entered Level 4 of the Snake Pit
 38677 | Snake:4  | Noticed Nikola
 38795 | Snake:4  | Noticed Louise
 38804 | Snake:4  | Killed Louise
 39057 | Snake:4  | Received a gift from Okawaru
 40088 | Snake:4  | Noticed Aizul
 40348 | Snake:4  | Noticed a nagaraja
 41124 | Snake:4  | HP: 11/129 [Nikola/chain lightning (30)]
 41124 | Snake:4  | Killed from afar by Nikola

Illustrated notes

##...........### #.###.....#
.....#.........# ##...#.....#
....##.........## #....##....#
....#...........# #.....##...#
..).#...........### #......#...#
....#......###..#.# ##......#...#
....##.#...# #.##.###............
.......#...# ###.!..#.....###....
.####..##..###.#@...##.####......
.# #.).####...##[..........#....
.# #...#.........###.......#####
#####..[........### #.##.....#...
#.......#....>...# #..#.....#...
........#...<....# #..##........
#......##......### #........#...
##.....#.....### #####....#..#
############# #########


Turn 35887 on Snake:2: SHOCK SERPENT!!

Levels and vault maps discovered:
D:1:      lightli_molten_gateway, layout_loops_ring, minmay_pentomino_t4
D:2:      layout_basic, lemuel_round_altar, minmay_misc_feat_ornament
D:3:      layout_loops_ring, nicolae_overflow_crystal_walls, serial_glass,
          glass_columns_c, glass_columns_c, first_ration,
          uniq_crazy_yiuf_cottage
D:4:      layout_cave_pools, skrybe_limestone_x, kennysheep_nub, minmay_between
D:5:      layout_basic, nemelex_xobeh_ov_fountains_minmay,
          minmay_temple_entry_offerings, serial_shops,
          nicolae_shop_behind_doors, shop, shop, uniq_grinder, uniq_edmund
D:6:      layout_basic, minmay_misc_feat_hallway, minmay_manual_mares,
          uniq_prince_ribbit1
D:7:      layout_cave_pods
D:8:      layout_loops_corners, old_standard_altar, led_sif_pool,
          zin_scriptorium, uniq_psyche, uniq_grum, uniq_erica, uniq_pikel
D:9:      layout_roguey, erik_lair_orcish_takeover, serial_shops, shop_coins,
          uniq_harold
D:10:     layout_basic, serial_shops, shop, basic_altar,
          hangedman_pestilent_swarm, uniq_maurice, uniq_fannar, uniq_urug
D:11:     layout_cave_pools, orc_0_dummy, uniq_sonja
D:12:     layout_rooms
D:13:     layout_basic, david_vaults_3, basic_altar
Temple:   regret_index_temple_sphere_string
Lair:1:   wander_river, layout_layer_cave, basic_altar, serial_bayou_shore_b
Lair:2:   layout_hall_layers, elwin_shoals_entry_rocks,
          minmay_snake_entry_six_corridors, serial_rivers,
          chequers_serial_rivers_small_3, chequers_serial_rivers_small_b,
          chequers_serial_rivers_room_a, chequers_serial_rivers_marsh
Lair:3:   layout_roguey, minmay_stone_trees_small
Lair:4:   layout_concentric_octagons, chequers_serial_rivers_marsh,
          nicolae_quartered_pool_super, st_stairs_11, bobbens_ice_dragon_lair
Lair:5:   layout_roguey, slime_dummy, infiniplex_staircase_pool,
          grunt_megastairs_3
Lair:6:   cheibrodos_lair_end_hotspot, layout_regular_city, minivault_11
Snake:1:  layout_onion, minmay_shop_star, serial_bayou_shore_b
Snake:2:  layout_honeycomb, drop_trap
Snake:3:  cheibrodos_toxic_ritual, layout_rooms, grunt_ministairs_13, drop_trap,
          nicolae_large_snake_swirl
Snake:4:  grunt_snake_rune_pools, layout_onion_interference, drop_trap,
          uniq_louise, uniq_aizul, uniq_nikola
Orc:1:    layout_diamond_mine, serial_shops, nicolae_shop_stone
Orc:2:    st_orc_open, layout_diamond_mine, uniq_nessos

Skill      XL: |  1  2  3  4  5  6  7  8  9 10 11 12 13 14 15 16 |
---------------+-------------------------------------------------+-----
Invocations    | 1 2 3 4 5 6 7 8 9 10 11 | 11.8
Short Blades   | 1 2 3 4 5 6 7 8 9 10 | 10.9
Long Blades    | 1 2 3 4 5 6 7 8 9 10 | 10.9
Maces & Flails | 1 2 3 4 5 6 7 8 9 10 | 10.9
Polearms       | 1 2 3 4 5 6 7 8 9 10 | 10.9
Staves         | 1 2 3 4 5 6 7 8 9 10 | 10.9
Slings         | 1 2 3 4 5 6 7 8 9 10 | 10.9
Bows           | 1 2 3 4 5 6 7 8 9 10 | 10.9
Crossbows      | 1 2 4 5 7 9 10 11 12 13 14 | 14.4
Throwing       | 1 2 3 4 5 6 7 8 9 10 | 10.9
Dodging        | 1 2 3 4 5 6 7 8 9 10 | 10.9
Stealth        | 1 2 3 4 5 6 7 8 9 10 | 10.9
Unarmed Combat | 1 2 3 4 5 6 7 8 9 10 | 10.9
Spellcasting   | 1 2 3 4 5 6 7 8 9 10 | 10.9
Evocations     | 1 2 3 4 5 6 7 8 9 10 | 10.9
Conjurations   | 1 2 3 4 5 6 7 8 9 |  9.3
Hexes          | 1 2 3 4 5 6 7 8 9 |  9.3
Charms         | 1 2 3 4 5 6 7 8 9 |  9.3
Summonings     | 1 2 3 4 5 6 7 8 9 |  9.3
Necromancy     | 1 2 3 4 5 6 7 8 9 |  9.3
Translocations | 1 2 3 4 5 6 7 8 9 |  9.3
Transmutations | 1 2 3 4 5 6 7 8 9 |  9.3
Fire Magic     | 1 2 3 4 5 6 7 8 9 |  9.3
Ice Magic      | 1 2 3 4 5 6 7 8 9 |  9.3
Air Magic      | 1 2 3 4 5 6 7 8 9 |  9.3
Earth Magic    | 1 2 3 4 5 6 7 8 9 |  9.3
Poison Magic   | 1 2 3 4 5 6 7 8 9 |  9.3
Axes           | 5 6 7 8 9 10 11 | 11.7
Fighting       | 7 8 9 10 11 12 | 12.5
Armour         | 7 8 9 10 11 12 | 12.5
Shields        | 7 8 9 10 11 12 | 12.5

Action                   |  1- 3 |  4- 6 |  7- 9 | 10-12 | 13-15 | 16-18 || total
-------------------------+-------+-------+-------+-------+-------+-------++-------
Melee: War axe           |    89 |   117 |   269 |   617 |   454 |   400 ||  1946
       Bite              |     7 |    17 |    45 |    80 |    70 |    67 ||   286
       Falchion          |       |       |    99 |       |       |       ||    99
       Quarterstaff      |       |       |       |       |     7 |       ||     7
 Fire: Fustibalus        |       |       |       |       |   775 |   284 ||  1059
       Hand crossbow     |       |       |       |       |   195 |       ||   195
Throw: Dart              |       |       |       |    80 |    71 |    27 ||   178
       Javelin           |       |       |       |     1 |    12 |       ||    13
 Cast: Animate Skeleton  |       |       |       |     6 |    30 |     3 ||    39
       Swiftness         |       |       |       |       |     3 |       ||     3
       Confusing Touch   |       |       |       |       |       |    15 ||    15
Invok: Heroism           |       |       |     1 |     3 |     2 |       ||     6
       Finesse           |       |       |       |       |     1 |       ||     1
Evoke: Wand              |       |       |     9 |    14 |     8 |     2 ||    33
  Use: Potion            |       |     1 |     1 |     5 |     5 |     4 ||    16
       Scroll            |       |       |     3 |    14 |    18 |     4 ||    39
 Stab: Paralysed         |       |       |       |     2 |     4 |       ||     6
       Distracted        |       |       |       |       |     1 |     1 ||     2
       Confused          |       |       |       |       |       |    20 ||    20
  Eat: Chunk             |     1 |     4 |    13 |    18 |    36 |       ||    72
       Ration            |       |       |     1 |     3 |     7 |     6 ||    17
Armor: Scale mail        |    24 |       |       |       |       |       ||    24
       Chain mail        |    29 |    50 |   188 |   352 |   224 |       ||   843
       Plate armour      |       |       |       |       |   190 |   106 ||   296
Dodge: Dodged            |    24 |    21 |   131 |   210 |   373 |    89 ||   848
Block: Kite shield       |    61 |    68 |   244 |   393 |   525 |       ||  1291
       Reflection        |       |       |       |       |    60 |    72 ||   132
       Tower shield      |       |       |       |       |   452 |   620 ||  1072
       Rpst.: Falchion   |       |       |     8 |       |       |       ||     8

Levels and vault maps discovered:
D:1:      lightli_molten_gateway, layout_loops_ring, minmay_pentomino_t4
D:2:      layout_basic, lemuel_round_altar, minmay_misc_feat_ornament
D:3:      layout_loops_ring, nicolae_overflow_crystal_walls, serial_glass,
          glass_columns_c, glass_columns_c, first_ration,
          uniq_crazy_yiuf_cottage
D:4:      layout_cave_pools, skrybe_limestone_x, kennysheep_nub, minmay_between
D:5:      layout_basic, nemelex_xobeh_ov_fountains_minmay,
          minmay_temple_entry_offerings, serial_shops,
          nicolae_shop_behind_doors, shop, shop, uniq_grinder, uniq_edmund
D:6:      layout_basic, minmay_misc_feat_hallway, minmay_manual_mares,
          uniq_prince_ribbit1
D:7:      layout_cave_pods
D:8:      layout_loops_corners, old_standard_altar, led_sif_pool,
          zin_scriptorium, uniq_psyche, uniq_grum, uniq_erica, uniq_pikel
D:9:      layout_roguey, erik_lair_orcish_takeover, serial_shops, shop_coins,
          uniq_harold
D:10:     layout_basic, serial_shops, shop, basic_altar,
          hangedman_pestilent_swarm, uniq_maurice, uniq_fannar, uniq_urug
D:11:     layout_cave_pools, orc_0_dummy, uniq_sonja
D:12:     layout_rooms
D:13:     layout_basic, david_vaults_3, basic_altar
Temple:   regret_index_temple_sphere_string
Lair:1:   wander_river, layout_layer_cave, basic_altar, serial_bayou_shore_b
Lair:2:   layout_hall_layers, elwin_shoals_entry_rocks,
          minmay_snake_entry_six_corridors, serial_rivers,
          chequers_serial_rivers_small_3, chequers_serial_rivers_small_b,
          chequers_serial_rivers_room_a, chequers_serial_rivers_marsh
Lair:3:   layout_roguey, minmay_stone_trees_small
Lair:4:   layout_concentric_octagons, chequers_serial_rivers_marsh,
          nicolae_quartered_pool_super, st_stairs_11, bobbens_ice_dragon_lair
Lair:5:   layout_roguey, slime_dummy, infiniplex_staircase_pool,
          grunt_megastairs_3
Lair:6:   cheibrodos_lair_end_hotspot, layout_regular_city, minivault_11
Snake:1:  layout_onion, minmay_shop_star, serial_bayou_shore_b
Snake:2:  layout_honeycomb, drop_trap
Snake:3:  cheibrodos_toxic_ritual, layout_rooms, grunt_ministairs_13, drop_trap,
          nicolae_large_snake_swirl
Snake:4:  grunt_snake_rune_pools, layout_onion_interference, drop_trap,
          uniq_louise, uniq_aizul, uniq_nikola
Orc:1:    layout_diamond_mine, serial_shops, nicolae_shop_stone
Orc:2:    st_orc_open, layout_diamond_mine, uniq_nessos

Table legend:
 A = Turns spent in this place as a percentage of turns spent in the entire game.
 B = Non-inter-level travel turns spent in this place as a percentage of non-inter-level travel turns spent in the entire game.
 C = Inter-level travel turns spent in this place as a percentage of turns spent in this place.
 D = Turns resting spent in this place as a percentage of non-inter-level travel turns spent in this place.
 E = Turns spent auto-exploring this place as a percentage of non-inter-level travel turns spent in this place.
 F = Non-inter-level travel turns spent in this place divided by the number of levels of this place that you've seen.
                   A       B       C       D       E      F
               +-------+-------+-------+-------+-------+----------------------
         Total | 100.0 | 100.0 |   9.3 |  23.8 |  54.3 | 1434.0
       Dungeon |  45.5 |  43.8 |  12.7 |  20.5 |  56.1 | 1257.3
        Temple |   0.4 |   0.3 |  24.8 |   0.0 |  97.5 | 121.0
          Lair |  25.0 |  25.1 |   9.1 |  15.5 |  66.9 | 1559.0
     Snake Pit |  21.9 |  23.1 |   4.0 |  41.7 |  33.1 | 2156.5
  Orcish Mines |   7.2 |   7.6 |   4.4 |  16.6 |  65.0 | 1419.0
               +-------+-------+-------+-------+-------+----------------------

Table legend:
 A = Kills in this place as a percentage of kills in entire the game.
 B = Kills by you in this place as a percentage of kills by you in the entire game.
 C = Kills by friends in this place as a percentage of kills by friends in the entire game.
 D = Other kills in this place as a percentage of other kills in the entire game.
 E = Experience gained in this place as a percentage of experience gained in the entire game.
 F = Experience gained in this place divided by the number of levels of this place that you have seen.
                   A       B       C       D       E      F
               +-------+-------+-------+-------+-------+----------------------
         Total | 100.0 | 100.0 | 100.0 |   N/A | 100.0 | 6353.0
       Dungeon |  46.6 |  47.4 |   0.0 |   N/A |  21.7 | 2762.2
          Lair |  22.3 |  21.0 |  91.7 |   N/A |  23.3 | 6415.0
     Snake Pit |  21.0 |  21.2 |   8.3 |   N/A |  43.4 | 17941.0
  Orcish Mines |  10.2 |  10.4 |   0.0 |   N/A |  11.5 | 9508.0
               +-------+-------+-------+-------+-------+----------------------
